AoeStats
← 荒野一條蟲

Arena

507906539Analyzed
4v4 RM · 14d ago on Sep 20, 2026· 44m 2s· 8 players
Game mode
Random Map
Map size
Large (8 player)
Population
200
Speed
Normal
Resources
Standard
Victory
Conquest
Starting age
Dark Age
Ending age
Imperial Age
RankedLock teamsTeams togetherTeam positionsShared explorationLock speedFull tech treeHidden civsTurbo modeCheats
Victory
Defeat
🇺🇸 Wei · United States
1366
+15
🇹🇼 Aztecs · Taiwan
1350
+16
🇩🇪 Japanese · Germany
1313
+17
🇺🇸 Bohemians · United States
1277
+19
🇺🇸 Cumans · United States
1477
-22
🇲🇽 Gurjaras · Mexico
1373
-18
🇲🇽 Britons · Mexico
1286
-14
🇲🇽 Franks · Mexico
1245
-13
Davicho26
7:09 Loom
10:12 Feudal Age
10:41 Double-Bit Axe
10:37 Horse Collar
16:07 Fletching
25:01 Castle Age
26:00 Bodkin Arrow
27:25 Crossbowman
34:23 Wheelbarrow
35:13 Ballistics
37:44 Imperial Age
35:24 Town Watch
36:41 Hand Cart
38:30 Bracer
38:29 Arbalester
39:55 Padded Archer Armor
39:58 Arbalester
41:25 Leather Archer Armor
40:53 Treadmill Crane
42:14 Chemistry
41:03 Capped Ram
Anibal Barca
1:01 Loom
13:13 Feudal Age
17:01 Fletching
17:13 Double-Bit Axe
44:11 Castle Age
Dantegutsh
9:11 Feudal Age
13:08 Castle Age
11:41 Double-Bit Axe
14:39 Loom
22:40 Husbandry
23:16 Bloodlines
23:47 Scale Barding Armor
25:41 Wheelbarrow
30:42 Light Cavalry
35:44 Imperial Age
35:42 Elite Skirmisher
35:51 Elite Elephant Archer
36:46 Kshatriyas
36:51 Elite Shrivamsha Rider
38:00 Fletching
38:10 Padded Archer Armor
38:51 Padded Archer Armor
40:00 Bodkin Arrow
40:53 Heavy Camel Rider
ElConquistadorCaxcan
7:08 Loom
9:19 Feudal Age
11:37 Double-Bit Axe
18:23 Horse Collar
25:57 Castle Age
24:27 Bloodlines
24:20 Gold Mining
25:00 Scale Barding Armor
25:17 Forging
26:58 Light Cavalry
28:22 Chain Barding Armor
29:56 Wheelbarrow
29:58 Iron Casting
30:47 Town Watch
33:46 Town Patrol
33:39 Capped Ram
34:54 Pikeman
42:48 Imperial Age
41:12 Gold Shaft Mining
40:41 Heavy Plow
40:53 Bow Saw
43:23 Hand Cart
43:19 Cavalier
Dark Magician
10:37 Feudal Age
15:06 Castle Age
12:56 Double-Bit Axe
13:03 Horse Collar
14:50 Scale Barding Armor
15:43 Forging
16:00 Bloodlines
21:11 Wheelbarrow
21:18 Bow Saw
21:50 Heavy Plow
23:10 Gold Mining
23:11 Stone Mining
24:53 Husbandry
26:16 Chain Barding Armor
26:38 Fletching
26:48 Padded Archer Armor
27:49 Gold Shaft Mining
27:06 Loom
28:21 Thumb Ring
28:15 Bodkin Arrow
29:53 Stone Shaft Mining
32:37 Imperial Age
30:27 Leather Archer Armor
30:36 Ballistics
30:53 Hand Cart
31:17 Masonry
33:20 Bracer
33:46 Parthian Tactics
33:52 Ring Archer Armor
34:25 Chemistry
34:25 Treadmill Crane
36:00 Elite Tiger Cavalry
38:36 Ming Guang Armor
39:20 Conscription
39:04 Tuntian
39:18 Forging
43:23 Coinage
44:04 Banking
软脚虾3号
11:13 Feudal Age
15:25 Castle Age
13:15 Loom
13:51 Scale Mail Armor
14:02 Forging
13:43 Man-at-Arms
19:33 Double-Bit Axe
26:17 Arson
27:17 Horse Collar
33:37 Castle Age
31:33 Gold Mining
37:03 Wheelbarrow
36:14 Town Watch
36:48 Bow Saw
36:52 Heavy Plow
39:25 Stone Mining
40:36 Fortified Wall
42:30 Hand Cart
42:53 Gold Shaft Mining
47:03 Imperial Age
荒野一條蟲
11:17 Feudal Age
12:28 Loom
15:30 Castle Age
13:50 Horse Collar
13:59 Double-Bit Axe
15:47 Horse Collar
19:23 Sanctity
21:19 Redemption
26:31 Atonement
27:40 Pikeman
32:29 Wheelbarrow
34:05 Hand Cart
33:45 Stone Mining
33:46 Gold Mining
34:19 Fervor
34:07 Herbal Medicine
34:30 Heavy Plow
38:13 Imperial Age
36:09 Town Watch
37:01 Gold Shaft Mining
36:56 Squires
37:29 Forging
37:56 Town Patrol
37:37 Eagle Warrior
38:02 Arson
38:56 Iron Casting
38:22 Scale Mail Armor
39:26 Conscription
40:44 Blast Furnace
40:07 Garland Wars
39:45 Elite Eagle Warrior
41:35 Chain Mail Armor
Thrillho
11:59 Feudal Age
12:38 Double-Bit Axe
12:55 Horse Collar
15:29 Castle Age
17:43 Chemistry
17:44 Wheelbarrow
16:57 Loom
18:33 Padded Archer Armor
27:52 Leather Archer Armor
38:15 Imperial Age
36:02 Bow Saw
36:13 Fervor
36:48 Pikeman
37:28 Squires
37:14 Arson
38:16 Scale Mail Armor
38:26 Forging
39:07 Hand Cart
39:15 Sanctity
38:19 Houfnice
38:53 Halberdier
40:29 Conscription
41:54 Chain Mail Armor
42:14 Iron Casting
42:18 Siege Engineers
Connection lost

Rejoining the realm…

Still unreachable

The connection could not be restored.

Session expired

The server has moved on; the page needs a fresh start.